 Dungeon Crawl Stone Soup version 0.15.2 (webtiles) character file.

37232 Rgib the Unseen (level 13, -2/103 (105) HPs)
             Began as a Vampire Assassin on Dec 31, 2014.
             Was the Champion of Dithmenos.
             Killed from afar by an electric eel (13 damage)
             ... with a bolt of electricity
             ... on Level 3 of the Lair of Beasts on Jan 1, 2015.
             The game lasted 07:24:13 (43141 turns).

Rgib the Unseen (Vampire Assassin)                 Turns: 43141, Time: 07:24:15

HP  -2/103 (105) AC  0     Str  9      XL: 13   Next: 57%
MP  18/20        EV 34     Int 13      God: Dithmenos [******]
Gold 1340        SH  0     Dex 20      Spells:  0 memorised, 12 levels left

rFire  . . .     SeeInvis +     y - melded +2 short sword (vamp)
rCold  . . .     Clarity  +     K - melded +0 troll leather armour
rNeg   + . .     rCorr    .     (shield currently unavailable)
rPois  .         rRot     .     (helmet currently unavailable)
rElec  .         Spirit   .     g - melded +2 cloak {rPois}
SustAb .         Warding  .     Q - melded +0 pair of gloves
rMut   .         Stasis   .     w - melded +2 pair of boots
Gourm  .                        a - amulet of clarity
MR     ++...                    e - melded ring of positive energy
                                C - melded +4 ring of evasion

@: bat-form, flying, wreathed by umbra, very quick, very resistant to hostile
enchantments, uncannily stealthy
A: bottle blood, (fangs 0), (yellow scales 0), see invisible, magic resistance
1, robust 1, (unbreathing)
a: Bottle Blood, End Transformation, Shadow Step, Shadow Form, Renounce Religion


You were on level 3 of the Lair of Beasts.
You worshipped Dithmenos.
Dithmenos was exalted by your worship.
You were not thirsty.
You were in vampire bat-form.
You visited 4 branches of the dungeon, and saw 19 of its levels.
You also visited: Labyrinth.

You collected 1483 gold pieces.
You spent 143 gold pieces at shops.

Inventory:

Hand weapons
 b - a +2 blowgun
 k - a +2 long sword of electrocution
 n - a +2 dagger of speed
 t - a +2 short sword of draining
 x - a +2 dagger of venom
 y - a +2 vampiric short sword (melded)
Missiles
 u - 93 stones
 F - 10 tomahawks (quivered)
 I - 4 poisoned needles
 R - a curare-tipped needle
Armour
 g - a +2 cloak of poison resistance (melded)
 w - a +2 pair of boots (melded)
 K - a +0 troll leather armour (melded)
 Q - a +0 pair of gloves (melded)
Magical devices
 d - a wand of invisibility (2)
 o - a wand of draining (6)
 E - a wand of hasting (3)
 J - a wand of paralysis (5)
 M - a wand of polymorph (11)
Scrolls
 c - a scroll of blinking
 i - 4 scrolls of identify
 l - 4 scrolls of remove curse
 s - 2 scrolls of fear
 v - 3 scrolls of teleportation
Jewellery
 a - an amulet of clarity (around neck)
 e - a ring of positive energy (melded)
 q - an uncursed amulet of resist corrosion
 C - a +4 ring of evasion (melded)
Potions
 f - 2 potions of brilliance
 h - 12 potions of blood
 j - a potion of haste
 m - 5 potions of restore abilities
 p - 2 potions of agility
 z - 3 potions of heal wounds
 A - a potion of invisibility
 B - a potion of cancellation
 H - a potion of might


   Skills:
 + Level 7.0 Fighting
 + Level 9.7(9.8) Short Blades
 + Level 1.2(5.7) Long Blades
 + Level 11.3 Throwing
 + Level 2.1 Armour
 + Level 12.6 Dodging
 + Level 15.2 Stealth
 + Level 4.0 Evocations


You had 12 spell levels left.
You didn't know any spells.

Dungeon Overview and Level Annotations

Branches:
Dungeon (13/15)            Temple (1/1) D:4             Orc (2/4) D:9
   Lair (3/8) D:8
  Swamp: Lair:3-6    Shoals: Lair:3-6     Snake: Lair:3-6    Spider: Lair:3-6
 Vaults: D:13-14

Altars:
Ashenzari
Cheibriados
Dithmenos
Elyvilon
Fedhas
Kikubaaqudgha
Makhleb
Nemelex Xobeh
Okawaru
Qazlal
Sif Muna
Trog
Vehumet
Xom
Yredelemnul
Zin
The Shining One
Beogh

Shops:
D:10 !   D:13 %


Innate Abilities, Weirdness & Mutations

You can bottle blood from corpses.
((You have razor-sharp teeth.))
You have supernaturally acute eyesight.
((You can survive without breathing.))
((You are partially covered in yellow scales (AC +2).))
You are resistant to hostile enchantments.
You are robust (+10% HP).


Message History

The electric eel shoots out a bolt of electricity!
The bolt of electricity hits you!
The bolt of electricity hits the electric eel.
The electric eel resists.
The bolt of electricity hits the electric eel.
The electric eel resists.
The yak snorts and paws the water.
The electric eel shoots out a bolt of electricity!
The bolt of electricity hits the electric eel.
The electric eel resists.
The bolt of electricity misses you.
The electric eel shoots out a bolt of electricity!
The bolt of electricity hits you!
* * * LOW HITPOINT WARNING * * *
The electric eel shoots out a bolt of electricity!
The bolt of electricity hits you!
* * * LOW HITPOINT WARNING * * *
The electric eel shoots out a bolt of electricity!
The bolt of electricity hits the electric eel.
The electric eel resists.
The bolt of electricity hits you!
You die...

.....#.#
..#.#.#....!..##..#
..###.....?.#........#
#. ##...............##
≈≈≈≈≈≈≈≈≈≈≈.......#
≈≈≈≈≈≈≈≈≈≈≈≈....####
≈≈≈≈≈≈≈≈≈≈≈≈...##
≈≈≈≈≈≈≈≈≈≈≈≈...P#
≈≈≈≈≈.YY≈;≈≈≈....#
≈≈≈≈.>YYY;≈≈b(..##
≈≈≈≈≈.YY;;≈≈≈.#.#
≈≈≈≈≈≈≈≈≈≈≈≈≈≈###
≈≈≈≈≈≈≈≈≈≈≈≈##
≈≈≈≈≈≈≈≈≈≈≈≈#
≈≈≈≈≈≈≈≈≈≈≈≈.#
....≈#........
...##.....(...# ..
##........


You could see a death yak, 5 yaks, a sheep and 4 electric eels.

Vanquished Creatures
  A very ugly thing (D:13)
  A minotaur (Lab)
  A fire dragon (D:11)
  Josephine (Orc:2)
  Fannar (Lair:1)
  A centaur warrior (D:13)
  A hydra (Lair:2)
  2 tengu warriors
  6 hill giants
  2 deep elf conjurers (D:13)
  An orc knight (D:9)
  2 orc sorcerers
  2 ugly things
  A wolf spider (D:11)
  A black mamba (Lair:1)
  A red wasp (shapeshifter) (D:8)
  A draconian (shapeshifter) (D:13)
  7 cyclopes
  2 spiny frogs
  An efreet (D:13)
  A komodo dragon (Lair:1)
  A fire drake (Lair:2)
  A tengu conjurer (D:13)
  5 trolls
  3 ravens (D:13)
  A slime creature (D:6)
  A two-headed ogre (D:11)
  A hydra skeleton (D:11)
  A deep elf mage (D:11)
  3 basilisks
  A shadow (D:13)
  A griffon skeleton (D:12)
  3 hungry ghosts
  2 wraiths
  A human (D:11)
  11 yaks
  Eustachio (Orc:2)
  A deep elf fighter (D:8)
  Grum (Orc:1)
  3 hippogriffs
  A wyvern (Lair:3)
  3 wolves (Orc:1)
  A warg (D:9)
  A vampire mosquito (D:11)
  3 porcupines
  3 sky beasts
  17 orc warriors
  4 ice beasts
  3 phantoms
  6 water moccasins
  A black bear (D:9)
  A necrophage (D:8)
  2 yellow wasps (D:11)
  8 ogres
  15 centaurs
  4 crocodiles
  Sigmund (D:4)
  3 big kobolds
  14 giant frogs
  A wyvern zombie (D:13)
  A cyclops zombie (D:13)
  A gnoll sergeant (D:9)
  A troll zombie (D:13)
  6 scorpions
  6 killer bees
  4 eyes of draining
  An electric eel (D:10)
  10 crimson imps
  3 goliath beetles
  A quasit (D:8)
  13 jellies
  6 hounds
  26 orc wizards
  A giant frog skeleton (D:4)
  28 orc priests
  17 worker ants
  8 iguanas
  8 sheep
  An ogre zombie (Orc:2)
  4 mummies
  A worker ant zombie (D:7)
  16 gnolls
  A scorpion zombie (D:7)
  21 adders
  12 green rats
  A giant mite (D:3)
  6 worms
  A goliath beetle zombie (D:5)
  2 shadow imps
  An adder zombie (D:7)
  5 giant geckos
  15 oozes
  158 orcs
  4 ball pythons
  26 bats
  A bat zombie (D:5)
  8 giant cockroaches
  23 goblins
  32 hobgoblins
  8 jackals (D:3)
  26 kobolds
  10 quokkas
  10 giant newts
  4 giant spores
  A goblin simulacrum (Orc:2)
  2 goblin skeletons
  A hobgoblin zombie (D:4)
  A kobold skeleton (D:4)
  A kobold zombie (D:4)
  7 orc skeletons
  3 orc zombies
  2 quokka skeletons
  23 rats
  A rat skeleton (D:4)
  A rat zombie (D:7)
  26 ballistomycetes
  2 fungi
  3 plants (D:8)
783 creatures vanquished.

Vanquished Creatures (others)
  A giant frog (D:7)
  An orc wizard (D:12)
  A bat skeleton (D:7)
  A kobold (D:9)
  A giant gecko (D:7)
  3 giant spores
  7 fungi
15 creatures vanquished.

Grand Total: 798 creatures vanquished

Notes
Turn   | Place    | Note
--------------------------------------------------------------
     0 | D:1      | Rgib, the Vampire Assassin, began the quest for the Orb.
     0 | D:1      | Reached XP level 1. HP: 16/16 MP: 1/1
    18 | D:1      | Reached skill level 6 in Stealth
    18 | D:1      | Reached XP level 2. HP: 6/22 MP: 2/2
   726 | D:1      | Reached XP level 3. HP: 27/27 MP: 3/3
  1183 | D:1      | Found a sparkling altar of Nemelex Xobeh.
  1577 | D:2      | Found a shadowy altar of Dithmenos.
  1577 | D:2      | Found a glowing golden altar of the Shining One.
  1588 | D:2      | Became a worshipper of Dithmenos the Shadowed
  1602 | D:2      | Reached skill level 7 in Stealth
  1874 | D:2      | Reached XP level 4. HP: 25/33 MP: 4/4
  3179 | D:3      | Reached XP level 5. HP: 38/38 MP: 5/5
  3936 | D:4      | Noticed a phantom
  4272 | D:4      | Noticed Sigmund
  4278 | D:4      | Killed Sigmund
  4292 | D:4      | Found a staircase to the Ecumenical Temple.
  4294 | D:4      | Reached XP level 6. HP: 44/44 MP: 6/6
  4801 | D:4      | Killed a phantom
  4801 | D:4      | Reached skill level 8 in Stealth
  5124 | D:4      | Acquired Dithmenos' first power
  5541 | D:4      | Reached XP level 7. HP: 29/51 MP: 7/7
  5875 | Temple   | Entered the Ecumenical Temple
  5967 | D:5      | Entered Level 5 of the Dungeon
  6933 | D:6      | Reached skill level 9 in Stealth
  6977 | D:6      | Gained mutation: You are robust (+10% HP). [potion of mutation]
  6977 | D:6      | Gained mutation: You are resistant to hostile enchantments. [potion of mutation]
  6977 | D:6      | Gained mutation: You are partially covered in yellow scales (AC +2). [potion of mutation]
  7024 | D:6      | Acquired Dithmenos' second power
  7179 | D:6      | Found a sparkling altar of Nemelex Xobeh.
  7218 | D:6      | Identified a +0 rod of shadows (13/13) (You found it on level 6 of the Dungeon)
  7262 | D:6      | Reached XP level 8. HP: 62/62 MP: 8/8
  7320 | D:6      | Reached skill level 10 in Stealth
  7850 | D:6      | Noticed a slime creature
  8468 | D:6      | Reached skill level 5 in Throwing
  9664 | D:6      | Killed a slime creature
  9664 | D:6      | Reached skill level 5 in Short Blades
  9664 | D:6      | Reached skill level 5 in Dodging
 10092 | D:6      | Acquired Dithmenos' third power
 10092 | D:6      | Reached skill level 1 in Evocations
 10466 | D:5      | Reached XP level 9. HP: 70/70 MP: 10/10
 10821 | D:7      | Found a stormy altar of Qazlal.
 13099 | D:7      | Reached skill level 11 in Stealth
 15617 | D:8      | Found a staircase to the Lair.
 15620 | D:8      | Reached XP level 10. HP: 78/78 MP: 12/12
 16257 | D:8      | Found a bloodstained altar of Trog.
 20641 | D:6      | Acquired Dithmenos' fourth power
 21315 | D:8      | Noticed a red wasp
 21315 | D:8      | an eye of devastation changed into a red wasp
 21328 | D:8      | Killed a red wasp
 21652 | D:9      | Found a staircase to the Orcish Mines.
 22053 | D:8      | Noticed a hill giant
 22075 | D:8      | Killed a hill giant
 23244 | D:10     | Entered Level 10 of the Dungeon
 23246 | D:10     | Noticed a hill giant
 23248 | D:10     | Found Itaan's Distillery.
 23711 | D:10     | Noticed a hill giant
 23741 | D:10     | Killed a hill giant
 23794 | D:10     | Reached XP level 11. HP: 78/80 MP: 14/14
 24034 | D:10     | Reached skill level 12 in Stealth
 24113 | D:10     | Reached skill level 5 in Fighting
 24197 | D:10     | Killed a hill giant
 24442 | D:10     | Bought 2 potions of heal wounds for 78 gold pieces
 24442 | D:10     | Bought a potion of curing for 26 gold pieces
 24442 | D:10     | Bought a potion of restore abilities for 39 gold pieces
 24913 | D:10     | Noticed a cyclops
 24928 | D:10     | Killed a cyclops
 25072 | D:11     | Noticed a hill giant
 25100 | D:11     | Killed a hill giant
 25359 | D:11     | Noticed a fire dragon
 25359 | D:11     | Noticed a hill giant
 26279 | D:11     | Reached skill level 10 in Dodging
 27795 | D:11     | Killed a hill giant
 28089 | D:11     | Reached XP level 12. HP: 60/93 MP: 18/18
 28563 | Lair:1   | Entered Level 1 of the Lair of Beasts
 28653 | Lair:1   | Noticed Fannar
 28662 | Lair:1   | Killed Fannar
 28662 | Lair:1   | Reached skill level 13 in Stealth
 29565 | Orc:1    | Entered Level 1 of the Orcish Mines
 29645 | Orc:1    | Found a roughly hewn altar of Beogh.
 31641 | D:12     | Reached skill level 10 in Throwing
 34009 | D:12     | Reached skill level 14 in Stealth
 34216 | D:12     | Found a roughly hewn altar of Beogh.
 35688 | Lair:2   | Noticed a four-headed hydra
 35696 | Lair:2   | Killed a five-headed hydra
 36418 | Orc:2    | Noticed Josephine
 36421 | Orc:2    | Noticed Grum
 36473 | Orc:2    | Noticed Eustachio
 36605 | Orc:2    | Killed Eustachio
 36810 | Orc:1    | Killed Grum
 37950 | Orc:1    | Reached XP level 13. HP: 99/101 MP: 20/20
 38257 | D:9      | Reached skill level 1 in Armour
 38627 | D:11     | Killed a fire dragon
 38907 | Orc:2    | Killed Josephine
 39879 | D:13     | Found Oruethie's Food Boutique.
 39884 | D:13     | Found a labyrinth entrance.
 39885 | D:13     | Noticed a brown very ugly thing
 39894 | D:13     | Killed a brown very ugly thing
 39931 | Lab      | Entered a labyrinth
 41496 | Lab      | Identified the Grimoire of Congealing Arcane Weapons
 42279 | D:13     | Reached skill level 1 in Long Blades
 42501 | D:13     | Reached skill level 15 in Stealth
 43141 | Lair:3   | Killed from afar by an electric eel

Action                   |  1- 3 |  4- 6 |  7- 9 | 10-12 | 13-15 || total
-------------------------+-------+-------+-------+-------+-------++-------
Melee: Dagger            |    90 |   450 |   911 |   481 |       ||  1932
       Short sword       |       |       |       |  1870 |   505 ||  2375
       Long sword        |       |       |       |     4 |    27 ||    31
 Fire: Blowgun           |    63 |    97 |    14 |   302 |    75 ||   551
Throw: Stone             |     8 |    99 |   460 |   618 |    68 ||  1253
       Tomahawk          |       |       |       |   140 |    54 ||   194
 Abil: Bottle Blood      |       |       |    26 |    73 |    34 ||   133
       Bat Form          |       |       |     6 |    24 |     3 ||    33
       End Transformatio |       |       |     6 |    24 |     2 ||    32
Evoke: Wand              |       |       |    14 |    53 |     8 ||    75
       Rod               |       |       |     1 |       |       ||     1
  Use: Scroll            |     5 |     2 |     8 |    15 |     4 ||    34
       Potion            |     2 |       |     7 |     5 |     1 ||    15
 Stab: Sleeping          |     8 |     9 |    37 |    64 |    29 ||   147
       Distracted        |     2 |     6 |     2 |    11 |     4 ||    25
       Confused          |       |       |       |     1 |       ||     1
       Paralysed         |       |       |       |       |     3 ||     3
  Eat: Corpse            |     3 |     9 |    16 |    35 |     7 ||    70
